 Dungeon Crawl Stone Soup version 0.19-a0-414-g76fec5b (webtiles) character file.

160 seren the Slasher (level 5, -2/37 HPs)
             Began as a High Elf Skald on May 31, 2016.
             Was an Initiate of Okawaru.
             Slain by a centaur skeleton (5 damage)
             ... on level 5 of the Dungeon.
             The game lasted 00:22:02 (4837 turns).

seren the Slasher (High Elf Skald)                  Turns: 4837, Time: 00:22:03

Health: -2/37      AC:  5    Str: 12    XL:     5   Next: 17%
Magic:  9/9        EV:  6    Int: 15    God:    Okawaru [......]
Gold:   14         SH:  0    Dex: 15    Spells: 1 memorised, 7 levels left

rFire  . . .     SeeInvis .     u - +0 long sword
rCold  . . .     Gourm    .     b - +0 leather armour
rNeg   . . .     Faith    .     (no shield)
rPois  +         Spirit   .     (no helmet)
rElec  .         Dismiss  .     y - +1 cloak {rPois}
rCorr  .         Reflect  .     (no gloves)
SustAt .         Harm     .     (no boots)
MR     .....                    (no amulet)
Stlth  +.........               (no ring)
                                (no ring)

@: not resistant to hostile enchantments, very unstealthy
A: no striking features
a: Renounce Religion


You were on level 5 of the Dungeon.
You worshipped Okawaru.
Okawaru was noncommittal.
You were not hungry.

You visited 2 branches of the dungeon, and saw 6 of its levels.

You collected 218 gold pieces.
You spent 204 gold pieces at shops.

Inventory:

Hand Weapons
 a - a +0 falchion
 u - a +0 long sword (weapon)
Missiles
 f - a throwing net
 h - 197 stones (quivered)
 n - 35 arrows
Armour
 b - a +0 leather armour (worn)
 p - a +0 scale mail
 q - a +0 ring mail
 y - a +1 cloak of poison resistance (worn)
Scrolls
 e - 3 scrolls of amnesia {unknown}
 g - 3 scrolls of identify
 i - 3 scrolls of remove curse {unknown}
 j - 3 scrolls of teleportation
 l - 2 scrolls of recharging {unknown}
 m - a scroll of enchant weapon {unknown}
 t - a scroll of random uselessness {unknown}
 v - a scroll of immolation {unknown}
Potions
 k - a potion of cancellation {unknown}
 x - a potion of berserk rage {unknown}
Books
 c - a book of Battle

   Spells                             Type                      Level
   a - Infusion                       Charms                       1
   b - Shroud of Golubria             Charms/Translocation         2
   c - Song of Slaying                Charms                       2
   d - Spectral Weapon                Hexes/Charms                 3
   e - Regeneration                   Charms/Necromancy            3
Comestibles
 o - a beef jerky
 s - a slice of pizza
 w - 2 meat rations


   Skills:
 + Level 3.9 Fighting
 + Level 5.1 Long Blades
 - Level 0.8 Armour
 - Level 1.1 Dodging
 - Level 2.4 Spellcasting
 - Level 3.6 Charms


You had 7 spell levels left.
You knew the following spells:

 Your Spells              Type           Power        Failure   Level  Hunger
a - Infusion              Chrm           ##..         8%          1    #......


Dungeon Overview and Level Annotations

Branches:
Dungeon (5/15)             Temple (1/1) D:4

Altars:
Ashenzari
Cheibriados
Dithmenos
Elyvilon
Fedhas
Gozag
Hepliaklqana
Kikubaaqudgha
Makhleb
Nemelex Xobeh
Okawaru
Pakellas
Qazlal
Ru
Sif Muna
Trog
Uskayaw
Vehumet
Xom
Yredelemnul
Zin
The Shining One

Shops:
D:4 }%[?

Annotations:
D:2 exclusion: downstairs
D:3 sky beast


Message History

You closely miss the adder zombie. The adder zombie misses you.
The centaur skeleton closely misses you.
The adder zombie closely misses you.
You closely miss the adder zombie.
The centaur skeleton hits you but does no damage.
The centaur skeleton hits you.
The adder zombie bites you but does no damage.
You hit the adder zombie but do no damage.
The centaur skeleton hits you. The adder zombie barely misses you.
You hit the adder zombie but do no damage.
The centaur skeleton hits you. The adder zombie completely misses you.
The centaur skeleton hits you.
* * * LOW HITPOINT WARNING * * *
You closely miss the adder zombie.
The adder zombie bites you but does no damage.
The centaur skeleton barely misses you. The adder zombie barely misses you.
The centaur skeleton hits you.
* * * LOW HITPOINT WARNING * * *
The centaur skeleton hits you.
You die...

####.###
......# ..._..
..... ...## . #
.Z. ...
#####.#Z##.....
.......@Z......
#####.####.....
# ... .


You could see an adder zombie, a water moccasin skeleton and a centaur skeleton.

Vanquished Creatures
  A worker ant (D:4)
  A hound skeleton (D:4)
  3 adders
  4 gnolls
  2 dart slugs
  5 giant geckos
  An orc (D:3)
  4 bats
  6 hobgoblins
  5 jackals
  2 quokkas
  7 giant newts
  4 goblins
  4 kobolds
  5 rats
54 creatures vanquished.

Vanquished Creatures (others)
  A giant frog (D:4)
  An adder (D:4)
2 creatures vanquished.

Grand Total: 56 creatures vanquished

Notes
Turn   | Place    | Note
--------------------------------------------------------------
     0 | D:1      | seren the High Elf Skald began the quest for the Orb.
     0 | D:1      | Reached XP level 1. HP: 14/14 MP: 4/4
   399 | D:1      | Reached skill level 3 in Long Blades
   399 | D:1      | Reached XP level 2. HP: 20/20 MP: 6/6
  1069 | D:2      | Found a stormy altar of Qazlal.
  1207 | D:2      | Reached XP level 3. HP: 22/25 MP: 7/7
  1485 | D:2      | Found a sparkling altar of Nemelex Xobeh.
  1658 | D:1      | Reached skill level 4 in Long Blades
  1980 | D:2      | Reached XP level 4. HP: 27/31 MP: 8/8
  3139 | D:3      | Found a white marble altar of Elyvilon.
  3210 | D:3      | Noticed a sky beast
  3540 | D:4      | Found Orghebrast's Armour Shop.
  3706 | D:4      | Killed a giant frog
  3737 | D:4      | Found a staircase to the Ecumenical Temple.
  3746 | Temple   | Entered the Ecumenical Temple
  3980 | D:4      | Found Yhifyipn's Food Shop.
  3988 | D:4      | Reached skill level 5 in Long Blades
  3988 | D:4      | Reached XP level 5. HP: 32/37 MP: 4/9
  4184 | D:4      | Bought a +1 cloak of poison resistance for 162 gold pieces
  4223 | D:4      | Found Qyuhuonist's Gadget Shoppe.
  4276 | D:4      | Found an iron altar of Okawaru.
  4359 | D:4      | Became a worshipper of Warmaster Okawaru
  4614 | D:4      | Found Kureap's Magic Scroll Shoppe.
  4619 | D:4      | Bought a scroll of teleportation for 42 gold pieces
  4823 | D:5      | Entered Level 5 of the Dungeon
  4823 | D:5      | Found a burning altar of Makhleb.
  4837 | D:5      | Slain by a centaur skeleton

Vault maps used:
D:1:      minmay_arrival_doors
D:2:      nemelex_xobeh_ov_fountains_minmay, grunt_qazlal_sundering
D:3:      nicolae_overflow_crystal_walls
D:4:      lemuel_temple_firewalk, serial_shops,
          nicolae_shop_temple_entry_statues_fountains, nicolae_shop_trees,
          kennysheep_mini_moat, shop, kennysheep_okawaru_gauntlet
D:5:      bloody_makhleb, first_bread, basic_altar, portal_sewer_entry_d,
          enter_ossuary_5
Temple:   grunt_circular_temple_18

Skill      XL: |  1  2  3  4 |
---------------+-------------+-----
Long Blades    | 3 4 5 |  5.1
Fighting       | 3 |  3.9
Armour         | |  0.8
Dodging        | |  1.1
Spellcasting   | |  2.4
Charms         | |  3.6

Action                   |  1- 3 |  4- 6 || total
-------------------------+-------+-------++-------
Melee: Falchion          |   110 |    54 ||   164
       Long sword        |       |    41 ||    41
Throw: Stone             |       |    10 ||    10
 Cast: Infusion          |     2 |     2 ||     4
  Use: Potion            |     2 |       ||     2
       Scroll            |       |     1 ||     1
 Stab: Sleeping          |       |     1 ||     1
  Eat: Chunk             |     3 |     3 ||     6
       Bread ration      |       |     2 ||     2
Armor: Leather armour    |    25 |    26 ||    51
Dodge: Dodged            |    68 |    56 ||   124
